 Dungeon Crawl Stone Soup version 0.28.0-53-g5a82cb258f (webtiles) character file.

Game seed: 15543874759441360644

697 SanguineChosen the Chopper (level 7, 0/61 HPs)
             Began as a Minotaur Berserker on July 30, 2022.
             Was a Priest of Trog.
             Slain by an ogre
             ... wielding a +0 giant spiked club
              (22 damage)
             ... on level 5 of the Dungeon on July 31, 2022.
             The game lasted 00:19:56 (5419 turns).

SanguineChosen the Chopper (Minotaur Berserker)     Turns: 5419, Time: 00:19:56

Health: 0/61       AC: 14    Str: 23    XL:     7   Next: 37%
Magic:  6/6        EV:  9    Int:  4    God:    Trog [***...]
Gold:   40         SH:  0    Dex: 10    Spells: 6/6 levels left

rFire   . . .      SeeInvis .   n - +0 war axe
rCold   . . .      Faith    .   (no shield)
rNeg    . . .      Spirit   .   k - +1 chain mail
rPois   +          Reflect  .   (helmet restricted)
rElec   .          Harm     .   (no cloak)
rCorr   .          Rampage  .   f - +2 pair of gloves
Will    .....                   (no boots)
Stlth   ..........              (no amulet)
HPRegen 0.20/turn               i - ring of poison resistance
MPRegen 0.10/turn               (no ring)

@: no status effects
A: horns 2, retaliatory headbutt
a: Renounce Religion, Berserk, Trog's Hand


You were on level 5 of the Dungeon.
You worshipped Trog.
Trog was most pleased with you.
You visited 1 branch of the dungeon, and saw 5 of its levels.

You collected 154 gold pieces.
You spent 114 gold pieces at shops.

Inventory:

Hand Weapons
 a - a +0 hand axe
 m - a +2 flail of protection
 n - a +0 war axe (weapon)
 t - a +2 vorpal mace
Armour
 f - a +2 pair of gloves (worn)
 k - a +1 chain mail (worn)
 l - the +4 ring mail of Dogmatism {Dex+2}
   (You found it on level 4 of the Dungeon)

   Dex:       It affects your dexterity (+2).
Jewellery
 d - a ring of ice
 g - an amulet of faith
 i - a ring of poison resistance (left hand)
Wands
 p - a wand of flame (19)
Scrolls
 c - 2 scrolls of holy word
 j - a scroll of teleportation
 s - 2 scrolls of enchant weapon
Potions
 b - 2 potions of might
 e - 3 potions of lignification
 h - a potion of heal wounds
 o - a potion of invisibility {unknown}
 q - a potion of cancellation {unknown}
 r - 3 potions of curing {unknown}


   Skills:
 + Level 5.3 Fighting
 + Level 7.6 Axes
 + Level 5.3 Armour
 + Level 3.5 Dodging
 + Level 0.5 Evocations


You had 6 spell levels left.
You didn't know any spells.
Your spell library was empty.

Dungeon Overview and Level Annotations

Branches:
Dungeon (5/15)
 Temple: D:4-7

Altars:

Shops:
D:2 (   D:4 ?


Innate Abilities, Weirdness & Mutations

You have a pair of horns on your head.
You reflexively headbutt those who attack you in melee.


Message History

A gnoll comes into view. It is wielding a +1 spear of freezing.
The gnoll shouts!
The gnoll hits you with a +0 spear.
An ogre comes into view. It is wielding a +0 giant spiked club.
A gnoll comes into view. It is wielding a +0 flail.
You barely miss the gnoll. The gnoll hits you with a +0 spear.
You barely miss the gnoll. You headbutt the gnoll!
The gnoll is almost dead.
The gnoll hits you with a +0 spear. The gnoll closely misses you.
You closely miss the gnoll.
The gnoll is almost dead.
The gnoll barely misses you. The gnoll hits you but does no damage.
You hit the gnoll.
You kill the gnoll!
Trog accepts your kill.
The gnoll hits you from afar with a +1 spear of freezing!
The gnoll freezes you. The gnoll hits you but does no damage.
Things that are here:
a +0 spear; a gnoll corpse You closely miss the gnoll.
The gnoll hits you with a +1 spear of freezing.
The gnoll freezes you.
A jelly comes into view.
The gnoll hits you with a +1 spear of freezing!
The gnoll freezes you.
The jelly moves out of view.
You hit the gnoll.
The gnoll is lightly wounded.
The gnoll hits you with a +1 spear of freezing.
The gnoll freezes you.
You hit the gnoll.
The gnoll is moderately wounded.
The gnoll barely misses you.
You slash the gnoll!
You kill the gnoll!
Trog accepts your kill.
You slash the ogre!
The ogre is moderately wounded.
The ogre hits you with a +0 giant spiked club!!
You die...

.# ##. #..
#.# #.#
##.# #.<#
#.#####.##
#..ggO@.#
#..######


You could see an ogre and 2 gnolls.

Vanquished Creatures
  Grinder (D:4)
  A hound (D:4)
  2 orc priests
  A centaur skeleton (D:3)
  3 orc wizards
  A hound skeleton (D:4)
  9 gnolls
  A howler monkey skeleton (D:5)
  11 adders
  A worm (D:2)
  15 orcs
  8 endoplasms
  2 giant cockroaches
  7 goblins
  7 hobgoblins
  4 kobolds
  4 quokkas
  14 ball pythons
  8 bats
  5 frilled lizards
  7 rats
112 creatures vanquished.

Notes
Turn   | Place    | Note
-------+----------+-------------------------------------------
     0 | D:1      | SanguineChosen the Minotaur Berserker began the quest for
                  | the Orb.
     0 | D:1      | Reached XP level 1. HP: 19/19 MP: 0/0
   172 | D:1      | Reached XP level 2. HP: 24/27 MP: 1/1
   255 | D:1      | Reached skill level 4 in Axes
   498 | D:1      | Reached ** piety under Trog
   753 | D:2      | Reached XP level 3. HP: 24/33 MP: 2/2
   873 | D:2      | Found Voqek's Weapon Shoppe.
   954 | D:2      | Found a faded altar of an unknown god.
  1870 | D:3      | Reached XP level 4. HP: 41/41 MP: 3/3
  2073 | D:3      | Reached skill level 5 in Axes
  2232 | D:3      | Reached *** piety under Trog
  2233 | D:3      | Reached XP level 5. HP: 46/47 MP: 4/4
  2319 | D:3      | Reached skill level 6 in Axes
  2855 | D:3      | Reached XP level 6. HP: 41/55 MP: 5/5
  3482 | D:4      | Reached skill level 5 in Fighting
  3949 | D:4      | Noticed Grinder
  3969 | D:4      | Paralysed by Grinder for 4 turns
  3975 | D:4      | Killed Grinder
  3976 | D:4      | Reached skill level 7 in Axes
  3976 | D:4      | Reached XP level 7. HP: 34/61 MP: 6/6
  4241 | D:4      | Reached skill level 5 in Armour
  4614 | D:4      | Found Buboroba's Magic Scroll Shoppe.
  4623 | D:4      | Bought a scroll of identify for 24 gold pieces
  4623 | D:4      | Bought a scroll of enchant weapon for 90 gold pieces
  5011 | D:4      | Identified the +4 ring mail of Dogmatism {Dex+2}
  5396 | D:5      | Entered Level 5 of the Dungeon
  5419 | D:5      | Slain by an ogre

Illustrated notes

Levels and vault maps discovered:
D:1:      onia_arrival_handbag, layout_loops_cross
D:2:      layout_loops_ring, serial_shops, shop_fountains,
          chequers_ecumenical_altar_simple
D:3:      layout_loops_ring, fountainhead
D:4:      layout_layer_cave, serial_shops, shop_fountains, uniq_grinder
D:5:      layout_rooms, mainiacjoe_overflow_surrounded_room, lemuel_doored_altar

Skill      XL: |  1  2  3  4  5  6  7 |
---------------+----------------------+-----
Fighting       | 4 5 |  5.3
Axes           | 4 5 6 7 |  7.6
Dodging        | 3 |  3.5
Armour         | 3 4 5 |  5.3
Evocations     | |  0.5

Action                   |  1- 3 |  4- 6 |  7- 9 || total
-------------------------+-------+-------+-------++-------
Melee: Hand axe          |    96 |   162 |    35 ||   293
       Headbutt          |    12 |    24 |     9 ||    45
       Punch             |     1 |     2 |     1 ||     4
       War axe           |       |       |    21 ||    21
Evoke: Wand              |       |     6 |       ||     6
  Use: Scroll            |       |     9 |     2 ||    11
Armor: Animal skin       |    14 |       |       ||    14
       Scale mail        |     6 |       |       ||     6
       Chain mail        |    29 |   133 |    34 ||   196
Dodge: Dodged            |    39 |    71 |    31 ||   141
